 Dungeon Crawl Stone Soup version 0.30.0-19-g36f170ea60 (webtiles) character file.

Game seed: 11795929474085840187

1528 bmack86 the Cleaver (level 8, -7/64 HPs)
             Began as a Minotaur Fighter on May 31, 2023.
             Was an Initiate of Gozag.
             Succumbed to a water moccasin's poison
             ... while paralysed by a hornet
             ... on level 5 of the Dungeon.
             The game lasted 00:09:49 (3714 turns).

bmack86 the Cleaver (Minotaur Fighter)              Turns: 3714, Time: 00:09:50

Health: -7/64      AC: 11    Str: 23    XL:     8   Next: 55%
Magic:  7/7        EV:  2    Int:  5    God:    Gozag
Gold:   450        SH:  0    Dex: 10    Spells: 7/7 levels left

rFire   . . .        s - +0 broad axe
rCold   . . .        c - +1 buckler
rNeg    . . .        u - +0 plate armour
rPois   .            (helmet restricted)
rElec   .            (no cloak)
rCorr   +            (no gloves)
SInv    .            (no boots)
Will    .....        (no amulet) Stlth
                     g - ring of resist corrosion
HPRegen 0.30/turn    (no ring)
MPRegen 0.10/turn

%: no passive effects
@: paralysed, lethally poisoned (-7 -> -66), slowed
A: horns 2, retaliatory headbutt
a: Renounce Religion, Potion Petition, Call Merchant, Bribe Branch


You were on level 5 of the Dungeon.
You worshipped Gozag.
Gozag was aware of your devotion.
You visited 1 branch of the dungeon, and saw 5 of its levels.

You collected 523 gold pieces.
You paid 73 gold pieces to Gozag.

Inventory:

Hand Weapons
 a - a +1 war axe
 s - a +0 broad axe (weapon)
Missiles
 q - a boomerang (quivered)
Armour
 b - a +0 scale mail
 c - a +1 buckler (worn)
 u - a +0 plate armour (worn)
Jewellery
 g - a ring of resist corrosion (left hand)
Wands
 w - a wand of roots (9)
Scrolls
 e - 3 scrolls of teleportation
 f - 3 scrolls of poison
 k - a scroll of immolation
 n - a scroll of enchant armour
 v - a scroll of identify
Potions
 d - a potion of might
 h - a potion of magic
 i - a potion of lignification
 j - 5 potions of brilliance
 l - 5 potions of curing
 m - a potion of heal wounds
 o - 3 potions of invisibility
 p - a potion of mutation
 r - a potion of attraction
 t - a potion of resistance


   Skills:
 - Level 3.6 Fighting
 + Level 12.9 Axes
 - Level 3.6 Armour
 - Level 3.6 Shields


You had 7 spell levels left.
You didn't know any spells.
Your spell library contained the following spells:

 Spells                   Type           Power      Damage    Failure   Level
 Stone Arrow              Conj/Erth      0%         3d7       100%        3
 Volatile Blastmotes      Fire/Tloc      0%         2d10      100%        3
 Animate Armour           Summ/Erth      0%         N/A       100%        4
 Fulminant Prism          Conj/Hex       0%         3d5       100%        4
 Iskenderun's Mystic Bla  Conj/Tloc      0%         2d3       100%        4
 Lee's Rapid Deconstruct  Erth           0%         3d4*      100%        5
 Lehudib's Crystal Spear  Conj/Erth      0%         10d2      100%        8


Dungeon Overview and Level Annotations

Branches:
Dungeon (5/15)
 Temple: D:4-7

Altars:
Dithmenos
Elyvilon
Gozag
Makhleb
Sif Muna
Trog

Shops:
D:5 :


Innate Abilities, Weirdness & Mutations

You have a pair of horns on your head.
You reflexively headbutt those who attack you in melee.


Message History

You block the hornet's attack.
You miss the hornet. Your headbutt misses the hornet.
The hornet is lightly wounded.
You hit the adder. The adder barely misses you.
The hornet stings you but does no damage.
You closely miss the hornet. Your headbutt misses the hornet.
The hornet is lightly wounded.
You slash the water moccasin! The hornet stings you.
You are poisoned.
You feel yourself slow down.
The water moccasin bites you but does no damage.
The hornet stings you!
You are more poisoned.
You feel as though you will be slow longer.
You hit the hornet but do no damage. You headbutt the hornet.
The hornet is moderately wounded.
You completely miss the water moccasin.
You feel extremely sick. The hornet stings you!
You suddenly lose the ability to move!
The water moccasin bites you.
You are more poisoned.
The water moccasin poisons you!
The hornet stings you but does no damage.
The water moccasin bites you.
You feel yourself speed up.
You feel extremely sick. The hornet stings you.
* * * LOW HITPOINT WARNING * * *
You feel yourself slow down. The water moccasin bites you.
* * * LOW HITPOINT WARNING * * *
You are more poisoned.
The water moccasin poisons you! The hornet stings you.
* * * LOW HITPOINT WARNING * * *
You feel as though you will be slow longer.
The water moccasin bites you!
* * * LOW HITPOINT WARNING * * *
You are more poisoned.
The water moccasin poisons you!
You die...
Your body crumbles into a pile of gold.

#### ###..### ##### #$.....##
....# #..##@#..## ....# #.
#Sy##..## ....# #..S§##..#
....#.. #8 #..##J.#.8# ....#...
#. #≈)>?..#..# ### ....#...
#..#≈.⌠..≈#..# ..#.####
...##....#8.#..##..#.8# ...#.....
#...#....#..##....##..#....#.###.
#...#....##..## ##..##....#....#


You could see a hornet, a water moccasin, a jelly and an adder.

Vanquished Creatures
  Sigmund (D:4)
  Eustachio (D:5)
  A water moccasin (D:5)
  3 ice beasts
  A phantom (D:5)
  A kobold brigand (D:5)
  Blork the orc (D:5)
  A scorpion (D:5)
  A jelly (D:5)
  3 hounds (D:5)
  A sleepcap (D:5)
  3 orc priests
  3 iguanas
  3 gnolls (D:4)
  8 adders
  2 white imps (D:5)
  2 ufetubi (D:5)
  3 worms
  2 dart slugs
  14 orcs
  2 bats (D:1)
  10 endoplasms
  3 giant cockroaches
  6 goblins
  7 hobgoblins
  4 jackals
  16 kobolds
  8 ball pythons
  3 frilled lizards
  7 rats
121 creatures vanquished.

Notes
Turn   | Place    | Note
-------+----------+-------------------------------------------
     0 | D:1      | bmack86 the Minotaur Fighter began the quest for the Orb.
     0 | D:1      | Reached XP level 1. HP: 19/19 MP: 0/0
    74 | D:1      | Reached skill level 3 in Axes
    93 | D:1      | Reached XP level 2. HP: 26/26 MP: 1/1
   268 | D:1      | Reached skill level 4 in Axes
   496 | D:1      | Reached XP level 3. HP: 31/31 MP: 2/2
   617 | D:2      | Reached skill level 5 in Axes
   688 | D:2      | Reached XP level 4. HP: 32/39 MP: 3/3
   936 | D:2      | Found a bloodstained altar of Trog.
  1104 | D:2      | Reached skill level 6 in Axes
  1334 | D:3      | Reached XP level 5. HP: 33/45 MP: 4/4
  1514 | D:3      | Found a white marble altar of Elyvilon.
  1658 | D:3      | Found a shadowy altar of Dithmenos.
  1723 | D:3      | Found a burning altar of Makhleb.
  1860 | D:3      | Found a shimmering blue altar of Sif Muna.
  2074 | D:4      | Noticed an ice beast
  2086 | D:4      | Killed an ice beast
  2087 | D:4      | Reached skill level 7 in Axes
  2091 | D:4      | Reached XP level 6. HP: 14/51 MP: 5/5
  2409 | D:4      | Found a bloodstained altar of Trog.
  2414 | D:4      | Reached skill level 8 in Axes
  2643 | D:4      | Found an opulent altar of Gozag.
  2643 | D:4      | Noticed Sigmund
  2651 | D:4      | Became a worshipper of Gozag Ym Sagoz the Greedy
  2659 | D:4      | Killed Sigmund
  2660 | D:4      | Reached skill level 9 in Axes
  2660 | D:4      | Reached XP level 7. HP: 41/57 MP: 6/6
  2946 | D:5      | Entered Level 5 of the Dungeon
  2957 | D:5      | Found Sikhoeh's Book Shoppe.
  3000 | D:5      | Noticed Blork the orc
  3010 | D:5      | Reached skill level 10 in Axes
  3022 | D:5      | Killed Blork the orc
  3146 | D:5      | Reached skill level 11 in Axes
  3186 | D:5      | Reached XP level 8. HP: 56/64 MP: 7/7
  3458 | D:5      | Noticed Eustachio
  3490 | D:5      | Reached skill level 12 in Axes
  3499 | D:5      | Killed Eustachio
  3706 | D:5      | Noticed a hornet
  3712 | D:5      | Paralysed by a hornet for 3 turns
  3714 | D:5      | Succumbed to a water moccasin's poison

Illustrated notes

Levels and vault maps discovered:
D:1:      amcnicky_arrival_blooded_trapdoor, layout_rooms, minmay_pentomino_z2
D:2:      layout_loops_cross, basic_altar, minivault_4
D:3:      layout_loops_ring, nicolae_dithmenos_shadow_blocks,
          lemuel_doored_altar, bloody_makhleb, nicolae_elyvilon_temple_path,
          nicolae_wormholes
D:4:      layout_cave_pools, nicolae_gozag_cash_rules_everything_around_me,
          trog_antimagical, uniq_sigmund
D:5:      layout_rooms, serial_shops, shop, nzn_random_ring, uniq_blork_the_orc,
          uniq_eustachio

Skill      XL: |  1  2  3  4  5  6  7  8 |
---------------+-------------------------+-----
Axes           | 3 4 5 6 7 9 11 12 | 12.9
Fighting       | |  3.6
Armour         | |  3.6
Shields        | |  3.6

Action                     |  1- 3 |  4- 6 |  7- 9 || total
---------------------------+-------+-------+-------++-------
  Melee: War axe           |    71 |    91 |       ||   162
         Headbutt          |    11 |    19 |    21 ||    51
         Broad axe         |       |    19 |    98 ||   117
    Use: Scroll            |     1 |    14 |       ||    15
         Potion            |       |       |     1 ||     1
   Stab: Distracted        |       |       |     1 ||     1
 Armour: Scale mail        |    36 |    33 |    11 ||    80
         Plate armour      |       |       |    37 ||    37
  Dodge: Dodged            |    43 |    48 |    46 ||   137
  Block: Buckler           |    20 |    29 |    23 ||    72
